 Dungeon Crawl Stone Soup version 0.22-a0-284-g99d1f74 (webtiles) character file.

5656 vishdafish the Blocker (level 10, -1/63 HPs)
             Began as a Gargoyle Fighter on Mar 22, 2018.
             Was a Follower of Kikubaaqudgha.
             Slain by an orc warrior
             ... wielding a +0 long sword
              (12 damage)
             ... on level 8 of the Dungeon.
             The game lasted 00:13:14 (8113 turns).

vishdafish the Blocker (Gargoyle Fighter)           Turns: 8113, Time: 00:13:15

Health: -1/63      AC: 13    Str: 24    XL:     10   Next: 74%
Magic:  13/13      EV: 13    Int: 13    God:    Kikubaaqudgha [*.....]
Gold:   144        SH: 11    Dex:  9    Spells: 13/13 levels left

rFire    . . .     SeeInvis .   a - +0 trident
rCold    . . .     Gourm    .   c - +0 shield
rNeg     + . .     Faith    .   s - +2 robe {MR+}
rPois    ∞         Spirit   .   (no helmet)
rElec    +         Reflect  .   z - +0 cloak
rCorr    .         Harm     .   (no gloves)
MR       +....                  (no boots)
Stlth    +.........             (no amulet)
HPRegen  0.20/turn              x - +5 ring of strength
MPRegen  0.13/turn              (no ring)

@: no status effects
A: negative energy resistance 1, electricity resistance, unbreathing,
petrification resistance, rot immunity, AC +7
a: Receive Corpses, Renounce Religion


You were on level 8 of the Dungeon.
You worshipped Kikubaaqudgha.
Kikubaaqudgha was aware of your devotion.
You were not hungry.

You visited 2 branches of the dungeon, and saw 10 of its levels.

You collected 420 gold pieces.
You spent 276 gold pieces at shops.

Inventory:

Hand Weapons
 a - a +0 trident (weapon)
 w - a +2 hand axe of flaming
Armour
 c - a +0 shield (worn)
 s - a +2 robe of magic resistance (worn)
 z - a +0 cloak (worn)
Jewellery
 x - a +5 ring of strength (left hand)
Wands
 m - a wand of flame (26)
 p - a wand of iceblast (11)
 v - a wand of paralysis (24)
 y - a wand of random effects (18)
 A - a wand of acid (5)
Scrolls
 b - a scroll of enchant armour
 e - 4 scrolls of teleportation
 h - 5 scrolls of amnesia
 i - 3 scrolls of enchant weapon
 k - a scroll of immolation
 q - 3 scrolls of fear
 t - a scroll of remove curse
 B - a scroll of silence
 C - a scroll of magic mapping
Potions
 d - a potion of magic
 g - 2 potions of invisibility
 j - 2 potions of curing
 l - a potion of cancellation
 n - a potion of agility
 o - a potion of heal wounds
Comestibles
 f - 11 rations


   Skills:
 - Level 7.3 Fighting
 + Level 7.0 Polearms
 + Level 8.0 Armour
 - Level 6.3 Dodging
 - Level 0.2 Stealth
 + Level 8.1 Shields
 * Level 2.3 Spellcasting


You had 13 spell levels left.
You didn't know any spells.

Dungeon Overview and Level Annotations

Branches:
Dungeon (9/15)             Temple (1/1) D:7            Lair (0/6) D:8
    Orc (0/2) D:9

Altars:
Dithmenos
Elyvilon
Fedhas
Gozag
Hepliaklqana
Kikubaaqudgha
Nemelex Xobeh
Okawaru
Ru
Sif Muna
Uskayaw
Wu Jian
Xom
The Shining One

Shops:
D:7 (   D:8 ?


Innate Abilities, Weirdness & Mutations

You are resistant to torment.
Your stone body is resilient. (AC +7)
You are immune to poison.
You resist negative energy. (rN+)
You are resistant to electric shocks. (rElec)
You can survive without breathing.
You are immune to petrification.
You are immune to rotting.


Message History

You closely miss the orc warrior.
The orc warrior is severely wounded.
The orc warrior misses you.
You hit the orc warrior but do no damage.
The orc warrior is severely wounded.
The orc warrior hits you with a long sword.
You hit the orc warrior but do no damage.
The orc warrior is severely wounded.
You barely miss the orc warrior.
The orc warrior is severely wounded.
The orc warrior hits you with a long sword!
You barely miss the orc warrior.
The orc warrior is severely wounded.
The orc warrior hits you with a long sword!
* * * LOW HITPOINT WARNING * * *
You hit the orc warrior but do no damage.
The orc warrior is severely wounded.
The orc warrior hits you with a long sword!
You die...
Kikubaaqudgha rasps: "You have failed me!
Welcome... oblivion!"

#......# #.####.#
#########
#.####.###.......#
#.##.....#.#####.#
.......#......##.#####
.....#...#.##........#
...#...###.#####.###.#
....##.# #.#####o##..#
.#.....# #......@##.##
##.##### ##########Y#
#.# ####### #l# #.#
#.....# #.#########
##.### #.....#
#.##......## .....#
#.....# #.##.###...##
.....# #.....#
#.##.##.....## ....<#
#.....# #....#....P..#
.....# ###.###
##.###.......##


You could see an orc warrior.

Vanquished Creatures
  Pikel (D:3)
  An elephant (D:8)
  Sigmund (D:3)
  2 yaks (D:7)
  A wyvern (D:8)
  3 hogs (D:7)
  Grum (D:8)
  A basilisk (D:8)
  A human (D:7)
  Menkaure (D:4)
  Duvessa (D:5)
  An ice beast (D:8)
  5 ogres
  2 orc warriors
  A sky beast (D:6)
  A hornet zombie (D:8)
  A phantom (D:8)
  4 wolves (D:8)
  4 centaurs
  A crocodile (D:8)
  Blork the orc (D:6)
  4 bullfrogs
  A wyvern skeleton (D:7)
  4 scorpions
  Dowan (D:5)
  3 killer bees (D:7)
  A howler monkey (D:4)
  A crimson imp (D:5)
  A quasit (D:7)
  An orc priest (D:6)
  A gnoll shaman (D:8)
  4 iguanas
  Ijyb (D:3)
  A bullfrog skeleton (D:3)
  An orc wizard (D:6)
  Natasha (twice) (D:3)
  3 worker ants
  A howler monkey zombie (D:5)
  9 adders
  11 gnolls
  A howler monkey skeleton (D:6)
  3 shadow imps
  2 adder zombies
  3 worms
  A dart slug (D:3)
  6 leopard geckos
  10 orcs
  3 giant cockroaches
  6 goblins
  8 hobgoblins
  15 jackals
  6 bats
  4 frilled lizards
  11 kobolds
  A leopard gecko zombie (D:5)
  5 rats
171 creatures vanquished.

Vanquished Creatures (others)
  4 toadstools (D:1)
4 creatures vanquished.

Grand Total: 175 creatures vanquished

Notes
Turn   | Place    | Note
-------+----------+-------------------------------------------
     0 | D:1      | vishdafish the Gargoyle Fighter began the quest for the Orb.
     0 | D:1      | Reached XP level 1. HP: 14/14 MP: 1/1
   701 | D:1      | Reached XP level 2. HP: 18/19 MP: 2/2
   789 | D:2      | Reached XP level 3. HP: 13/23 MP: 3/3
  1352 | D:2      | Reached XP level 4. HP: 23/28 MP: 4/4
  1677 | D:3      | Found an ornate altar of the Wu Jian Council.
  1677 | D:3      | Noticed Natasha
  1696 | D:3      | Killed Natasha
  1816 | D:2      | Reached XP level 5. HP: 29/32 MP: 5/5
  1963 | D:3      | Noticed Sigmund
  1970 | D:3      | Killed Sigmund
  1970 | D:3      | Reached XP level 6. HP: 31/38 MP: 6/6
  2000 | D:3      | Noticed Natasha
  2007 | D:3      | Killed Natasha
  2100 | D:3      | Noticed Ijyb
  2126 | D:3      | Killed Ijyb
  2293 | D:3      | Reached skill level 5 in Shields
  2293 | D:3      | Reached XP level 7. HP: 22/44 MP: 7/7
  2402 | D:3      | Found a sacrificial altar of Ru.
  2593 | D:4      | Noticed Menkaure
  2604 | D:4      | Killed Menkaure
  2604 | D:4      | Reached skill level 5 in Armour
  2649 | D:4      | Reached skill level 1 in Dodging
  2983 | D:4      | Noticed Pikel
  3040 | D:3      | Killed Pikel
  3040 | D:3      | Reached skill level 5 in Fighting
  3040 | D:3      | Reached skill level 5 in Polearms
  3040 | D:3      | Reached XP level 8. HP: 45/49 MP: 8/8
  3358 | D:5      | Entered Level 5 of the Dungeon
  3492 | D:5      | Noticed Dowan
  3525 | D:5      | Killed Dowan
  3539 | D:5      | Noticed Duvessa
  3567 | D:5      | Killed Duvessa
  3725 | D:5      | Reached XP level 9. HP: 34/55 MP: 9/9
  3974 | D:5      | Found a deep blue altar of Sif Muna.
  4871 | D:6      | Noticed Blork the orc
  4879 | D:6      | Killed Blork the orc
  5230 | D:7      | Found a hide-covered altar of Uskayaw.
  5230 | D:7      | Noticed a hand axe
  5230 | D:7      | Noticed a dagger
  5721 | D:7      | Reached skill level 5 in Dodging
  5739 | D:7      | Found a staircase to the Ecumenical Temple.
  5784 | D:7      | Found Goox Xishre's Weapon Shop.
  5831 | Temple   | Entered the Ecumenical Temple
  5844 | Temple   | Became a worshipper of Kikubaaqudgha
  6140 | D:7      | Reached XP level 10. HP: 39/61 MP: 10/10
  6440 | D:7      | Found an opulent altar of Gozag.
  6636 | D:8      | Found a staircase to the Lair.
  6636 | D:8      | Noticed an elephant
  6891 | D:8      | Noticed Grum
  6909 | D:8      | Killed Grum
  7051 | D:8      | Found a shimmering altar of Xom.
  7121 | D:8      | Found Ozuatej's Magic Scroll Shoppe.
  7140 | D:8      | Reached * piety under Kikubaaqudgha
  7140 | D:8      | Identified Kikubaaqudgha's Disquisition on Necromancy (Kikubaaqudgha gifted it to you on level 8 of the Dungeon)
  7140 | D:8      | Received a gift from Kikubaaqudgha
  7149 | D:8      | Bought a scroll of enchant armour for 112 gold pieces
  7149 | D:8      | Bought a scroll of silence for 112 gold pieces
  7149 | D:8      | Bought a scroll of magic mapping for 52 gold pieces
  7196 | D:8      | Reached skill level 1 in Spellcasting
  7975 | D:8      | Killed an elephant
  8012 | D:8      | Found an iron altar of Okawaru.
  8072 | D:9      | Found a staircase to the Orcish Mines.
  8113 | D:8      | Slain by an orc warrior

Vault maps used:
D:1:      ldierk_water_garden
D:2:      first_ration, minmay_domino_2
D:3:      lemuel_crystal_altar, nicolae_ru_the_path_less_chosen, uniq_ijyb,
          uniq_sigmund, uniq_natasha
D:4:      uniq_menkaure, uniq_pikel
D:5:      hangedman_abyss_or_decor_stagger, hex_medium,
          minmay_misc_feat_diagonals, lemuel_statue_altar, uniq_duvessa
D:6:      kennysheep_generic_room_15, uniq_blork_the_orc
D:7:      grunt_gozag_breadcrumbs, dancing_weapons_uskayaw,
          minmay_temple_entry_enclosed_plants, serial_shops,
          nicolae_shop_statue_plus, grunt_livestock
D:8:      kennysheep_okawaru_gauntlet, lemuel_doored_altar, david_lair_generic,
          serial_shops, shop_scrolls, uniq_grum
D:9:      minmay_orc_entry_temple_small, serial_shops, shop_coins
Temple:   eino_temple_rhombus

Skill      XL: |  1  2  3  4  5  6  7  8  9 10 |
---------------+-------------------------------+-----
Polearms       | 2 3 4 5 6 7 |  7.0
Shields        | 4 5 6 7 8 |  8.1
Armour         | 4 5 6 7 8 |  8.0
Fighting       | 4 5 6 7 |  7.3
Dodging        | 2 3 5 6 |  6.3
Spellcasting   | 2 |  2.3
Stealth        | |  0.2

Action                   |  1- 3 |  4- 6 |  7- 9 | 10-12 || total
-------------------------+-------+-------+-------+-------++-------
Melee: Trident           |   120 |   208 |   503 |   299 ||  1130
       Hand axe          |       |       |     8 |       ||     8
Evoke: Wand              |       |       |       |    13 ||    13
  Use: Potion            |       |     1 |     2 |     1 ||     4
       Scroll            |       |       |    12 |     2 ||    14
 Stab: Sleeping          |       |       |     2 |       ||     2
       Invisible         |       |       |     3 |       ||     3
       Paralysed         |       |       |       |     5 ||     5
  Eat: Chunk             |     2 |     3 |     8 |     5 ||    18
       Ration            |       |       |     1 |     1 ||     2
Armor: Scale mail        |    61 |   122 |    41 |     6 ||   230
       Robe              |       |       |   136 |    55 ||   191
Dodge: Dodged            |    21 |    77 |   187 |   103 ||   388
Block: Shield            |    58 |   119 |   252 |   133 ||   562

Table legend:
 A = Spawn XP
 B = Non-spawn XP
 C = Spawn XP percentage of total XP
 D = Spawn monster count
 E = Non-spawn monster count
 F = Spawn count percentage of total count
 G = Total turns spent on level
                    A         B        C        D         E        F      G
               +---------+---------+-------+---------+---------+-------+---------
         Total |       0 |    8081 |   0.0 |       0 |     171 |   0.0 |  8113
               +---------+---------+-------+---------+---------+-------+---------
           D:1 |       0 |      11 |   0.0 |       0 |       7 |   0.0 |   737
           D:2 |       0 |     107 |   0.0 |       0 |      25 |   0.0 |  1025
           D:3 |       0 |    1259 |   0.0 |       0 |      35 |   0.0 |   887
           D:4 |       0 |     330 |   0.0 |       0 |      11 |   0.0 |   709
           D:5 |       0 |     900 |   0.0 |       0 |      24 |   0.0 |   934
           D:6 |       0 |     670 |   0.0 |       0 |      22 |   0.0 |   938
           D:7 |       0 |    2094 |   0.0 |       0 |      19 |   0.0 |  1381
           D:8 |       0 |    2577 |   0.0 |       0 |      27 |   0.0 |  1443
           D:9 |       0 |     133 |   0.0 |       0 |       1 |   0.0 |    34
               +---------+---------+-------+---------+---------+-------+---------
